PL
ATLANTA SMOKE @ AUSTIN RANGERS
09/01/2029
 
TOP OF THE 1ST
Atlanta Smoke batting - Pitching for Austin Rangers : RHP Shawn Williams
Pitching: RHP Shawn Williams
Batting: RHB Bartolo Morales 0-0: SINGLE (Groundball, 6MD)
Batting: LHB Albert Morán 0-0: Called Strike
0-1: Swinging Strike
0-2: Ball
1-2: Fly out, F9 (Flyball, 89M)
Batting: LHB Yataro Kodo 0-0: Ball
Bartolo Morales steals 2nd base
1-0: SINGLE (Groundball, 4MD)
Bartolo Morales to third
Runner from 3rd tries for Home, SAFE, no throw
Batting: SHB Valentín Guzmán 0-0: Called Strike
0-1: Ball
1-1: Called Strike
1-2: DOUBLE (Groundball, 3L)
Yataro Kodo to third
Batting: RHB Gabriel Maldonado 0-0: Called Strike
0-1: Ball
1-1: Ball
2-1: Ball
3-1: Called Strike
3-2: Base on Balls
Batting: RHB Bobby Butterfield 0-0: Ball
1-0: Fielders Choice at 2nd, 4-6 (Groundball, 4)
Yataro Kodo scores
Valentín Guzmán to third
Batting: SHB Melito Báez 0-0: Ball
Bobby Butterfield steals 2nd base
1-0: Fly out, F5 (Popup, 5SF)
Top of the 1st over - 2 runs, 3 hits, 0 errors, 2 left on base; Atlanta 2 - Austin 0
BOTTOM OF THE 1ST
Austin Rangers batting - Pitching for Atlanta Smoke : RHP Miguel Aguilar
Pitching: RHP Miguel Aguilar
Batting: RHB Miguel Morán 0-0: Ball
1-0: SINGLE (Groundball, 5L) (infield hit)
Batting: SHB Ricardo Pérez 0-0: Foul Ball, location: 2F
0-1: Ball
1-1: Ball
2-1: Foul Ball, location: 2F
2-2: Ball
3-2: Ground out 6-3 (Groundball, 6S)
Miguel Morán to second
Batting: LHB Count Dante 0-0: Ground out U3 (Groundball, 34)
Miguel Morán to third
Batting: LHB Jesús Reyes 0-0: Ball
1-0: Foul Ball, location: 2F
1-1: Foul Ball, location: 2F
1-2: Foul Ball, location: 2F
1-2: Ground out 4-3 (Groundball, 4)
Bottom of the 1st over - 0 runs, 1 hit, 0 errors, 1 left on base; Atlanta 2 - Austin 0
TOP OF THE 2ND
Atlanta Smoke batting - Pitching for Austin Rangers : RHP Shawn Williams
Batting: RHB Casey Cavell 0-0: Ball
1-0: Fly out, F5 (Line Drive, 56)
Batting: RHB Gerardo Castillo 0-0: Ball
1-0: Foul Ball, location: 2F
1-1: Foul Ball, location: 2F
1-2: Ball
2-2: SINGLE (Flyball, 9S)
Batting: RHB Bartolo Morales 0-0: Ball
1-0: Ball
2-0: Fielders Choice at 2nd, 6-4 (Groundball, 6)
Batting: LHB Albert Morán 0-0: Ball
1-0: Called Strike
1-1: Called Strike
1-2: Ball
Bartolo Morales steals 2nd base
2-2: Ball
3-2: SINGLE (Flyball, 78M)
Bartolo Morales to third
Bartolo Morales scores
Batting: LHB Yataro Kodo 0-0: Ball
1-0: DOUBLE (Line Drive, 9LD)
Albert Morán to third
Runner from 3rd tries for Home, SAFE, no throw
Batting: SHB Valentín Guzmán 0-0: Ball
1-0: Fly out, F9 (Flyball, 9D)
Top of the 2nd over - 2 runs, 3 hits, 0 errors, 1 left on base; Atlanta 4 - Austin 0
BOTTOM OF THE 2ND
Austin Rangers batting - Pitching for Atlanta Smoke : RHP Miguel Aguilar
Batting: RHB Yoshihito Samurakami 0-0: Called Strike
0-1: Ground out U3 (Groundball, 34)
Batting: SHB Xavier Vásquez 0-0: Ball
1-0: Fly out, F9 (Line Drive, 9LM)
Batting: LHB Stefan Vanderhoof 0-0: Called Strike
0-1: SINGLE (Line Drive, 4M)
Batting: RHB Freddy Torres 0-0: Ball
1-0: Swinging Strike
1-1: Foul Ball, location: 2F
1-2: Foul Ball, location: 2F
1-2: Strikes out swinging
Bottom of the 2nd over - 0 runs, 1 hit, 0 errors, 1 left on base; Atlanta 4 - Austin 0
TOP OF THE 3RD
Atlanta Smoke batting - Pitching for Austin Rangers : RHP Shawn Williams
Batting: RHB Gabriel Maldonado 0-0: Called Strike
0-1: Foul Ball, location: 2F
0-2: Ball
1-2: Foul Ball, location: 2F
1-2: Ball
2-2: Ball
3-2: Base on Balls
Batting: RHB Bobby Butterfield 0-0: Ball
1-0: Foul Ball, location: 2F
1-1: Hit by Pitch
Gabriel Maldonado to second
Batting: SHB Melito Báez 0-0: Ball
1-0: Called Strike
1-1: Ball
2-1: Foul Ball, location: 2F
2-2: Ball
3-2: Foul Ball, location: 2F
3-2: Fly out, F7 (Flyball, 7)
Batting: RHB Casey Cavell 0-0: Called Strike
0-1: Ball
1-1: Foul Ball, location: 2F
1-2: Strikes out swinging
Batting: RHB Gerardo Castillo 0-0: SINGLE (Line Drive, 34D)
Gabriel Maldonado to third
Bobby Butterfield to second
Runner from 3rd tries for Home, SAFE, no throw
Batting: RHB Bartolo Morales 0-0: Foul Ball, location: 2F
0-1: Swinging Strike
0-2: Strikes out swinging
Top of the 3rd over - 1 run, 1 hit, 0 errors, 2 left on base; Atlanta 5 - Austin 0
BOTTOM OF THE 3RD
Austin Rangers batting - Pitching for Atlanta Smoke : RHP Miguel Aguilar
Batting: RHB Jesús Villalba 0-0: Ball
1-0: Called Strike
1-1: Ball
2-1: Ball
3-1: Ground out 1-3 (Groundball, P)
Batting: RHB Miguel Morán 0-0: Called Strike
0-1: Fly out, F8 (Flyball, 78M)
Batting: SHB Ricardo Pérez 0-0: Ball
1-0: Fly out, F8 (Flyball, 8LD)
Bottom of the 3rd over - 0 runs, 0 hits, 0 errors, 0 left on base; Atlanta 5 - Austin 0
TOP OF THE 4TH
Atlanta Smoke batting - Pitching for Austin Rangers : RHP Shawn Williams
Batting: LHB Albert Morán 0-0: Ball
1-0: Ball
2-0: Ball
3-0: Base on Balls
Batting: LHB Yataro Kodo 0-0: Called Strike
0-1: Fly out, F8 (Line Drive, 8LS)
Batting: SHB Valentín Guzmán 0-0: Ball
1-0: Ball
2-0: SINGLE (Line Drive, 34D)
Albert Morán to second
Batting: RHB Gabriel Maldonado 0-0: Called Strike
0-1: Ground out 4-3 (Groundball, 4MS)
Albert Morán to third
Valentín Guzmán to second
Batting: RHB Bobby Butterfield 0-0: Called Strike
0-1: SINGLE (Line Drive, 4)
Albert Morán scores
Valentín Guzmán to third
Runner from 3rd tries for Home, throw and OUT!
Top of the 4th over - 1 run, 2 hits, 0 errors, 1 left on base; Atlanta 6 - Austin 0
BOTTOM OF THE 4TH
Austin Rangers batting - Pitching for Atlanta Smoke : RHP Miguel Aguilar
Batting: LHB Count Dante 0-0: Ball
1-0: Ball
2-0: Ball
3-0: Called Strike
3-1: Foul Ball, location: 2F
3-2: SINGLE (Line Drive, 8LS)
Batting: LHB Jesús Reyes 0-0: Ball
1-0: SINGLE (Groundball, 4MD)
Count Dante to second
Runner from 2nd tries for 3rd, SAFE, no throw
Batting: RHB Yoshihito Samurakami 0-0: Ball
1-0: Fly out, F9 (Flyball, 89S)
Runner from 3rd tags up, SCORES, no throw
Batting: SHB Xavier Vásquez 0-0: Ball
1-0: Fielders Choice at 2nd, 1-6 (Groundball, 13)
Batting: LHB Stefan Vanderhoof Balk!
Xavier Vásquez to second
0-0: Ball
1-0: Foul Ball, location: 2F
1-1: Ball
2-1: Ground out U3 (Groundball, 3)
Bottom of the 4th over - 1 run, 2 hits, 0 errors, 1 left on base; Atlanta 6 - Austin 1
TOP OF THE 5TH
Atlanta Smoke batting - Pitching for Austin Rangers : RHP Shawn Williams
Batting: SHB Melito Báez 0-0: Ground out 6-3 (Groundball, 6)
Batting: RHB Casey Cavell 0-0: Called Strike
0-1: Ball
1-1: Ball
2-1: Swinging Strike
2-2: Strikes out looking
Batting: RHB Gerardo Castillo 0-0: Ball
1-0: Ball
2-0: Foul Ball, location: 2F
2-1: Swinging Strike
2-2: Ball
3-2: Base on Balls
Batting: RHB Bartolo Morales 0-0: SINGLE (Line Drive, 56)
Gerardo Castillo to second
Batting: LHB Albert Morán 0-0: Ball
1-0: Ball
2-0: Ground out 4-3 (Groundball, 4)
Top of the 5th over - 0 runs, 1 hit, 0 errors, 2 left on base; Atlanta 6 - Austin 1
BOTTOM OF THE 5TH
Austin Rangers batting - Pitching for Atlanta Smoke : RHP Miguel Aguilar
Batting: RHB Freddy Torres 0-0: Ball
1-0: Called Strike
1-1: Called Strike
1-2: SINGLE (Groundball, 4M) (infield hit)
Batting: RHB Jesús Villalba 0-0: Ball
1-0: Foul Ball, location: 2F
1-1: Called Strike
1-2: Foul Ball, location: 2F
1-2: Ball
2-2: Foul Ball, location: 2F
2-2: Strikes out swinging
Batting: RHB Miguel Morán 0-0: Called Strike
0-1: Called Strike
0-2: SINGLE (Line Drive, 9LS)
Freddy Torres to second
Batting: SHB Ricardo Pérez 0-0: Ball
1-0: Foul Ball, location: 2F
1-1: Foul Ball, location: 2F
1-2: Ball
2-2: Foul Ball, location: 2F
2-2: Grounds into double play, 4-6-3 (Groundball, 4)
Bottom of the 5th over - 0 runs, 2 hits, 0 errors, 1 left on base; Atlanta 6 - Austin 1
TOP OF THE 6TH
Atlanta Smoke batting - Pitching for Austin Rangers : RHP Shawn Williams
Pitching: RHP Katsuyoshi Takuda
Batting: LHB Yataro Kodo 0-0: Ball
1-0: Called Strike
1-1: Ball
2-1: Ground out 5-3 (Groundball, 56D)
Batting: SHB Valentín Guzmán 0-0: Ball
1-0: SOLO HOME RUN (Flyball, 89XD), Distance : 433 ft
Batting: RHB Gabriel Maldonado 0-0: Foul Ball, location: 2F
0-1: Called Strike
0-2: Strikes out looking
Batting: RHB Bobby Butterfield 0-0: Called Strike
0-1: Ball
1-1: Ball
2-1: Ball
3-1: Called Strike
3-2: Base on Balls
Batting: SHB Melito Báez 0-0: Ball
Bobby Butterfield steals 2nd base
1-0: Ball
2-0: Ball
3-0: Called Strike
3-1: SINGLE (Line Drive, 8RS)
Bobby Butterfield to third
Runner from 3rd tries for Home, SAFE, throw made home
Batting: RHB Casey Cavell 0-0: Ball
1-0: Foul Ball, location: 2F
1-1: Fielders Choice at 2nd, 5-4 (Groundball, 56)
Top of the 6th over - 2 runs, 2 hits, 0 errors, 1 left on base; Atlanta 8 - Austin 1
BOTTOM OF THE 6TH
Austin Rangers batting - Pitching for Atlanta Smoke : RHP Miguel Aguilar
Batting: LHB Count Dante 0-0: Ground out 4-3 (Groundball, 4)
Batting: LHB Jesús Reyes 0-0: Foul Ball, location: 2F
0-1: Ball
1-1: Fly out, F8 (Flyball, 8RM)
Batting: RHB Yoshihito Samurakami 0-0: Foul Ball, location: 2F
0-1: Ground out 6-3 (Groundball, 6)
Bottom of the 6th over - 0 runs, 0 hits, 0 errors, 0 left on base; Atlanta 8 - Austin 1
TOP OF THE 7TH
Atlanta Smoke batting - Pitching for Austin Rangers : RHP Katsuyoshi Takuda
Batting: RHB Gerardo Castillo 0-0: Called Strike
0-1: Swinging Strike
0-2: Ball
1-2: Foul Ball, location: 2F
1-2: Ball
2-2: Ball
3-2: SINGLE (Groundball, 56D)
Batting: RHB Bartolo Morales 0-0: Called Strike
0-1: Ball
1-1: SINGLE (Line Drive, 6MD)
Gerardo Castillo to second
Batting: LHB Albert Morán 0-0: Grounds into double play, 4-6-3 (Groundball, 4)
Gerardo Castillo to third
Batting: LHB Yataro Kodo 0-0: Ball
1-0: DOUBLE (Line Drive, 89D)
Gerardo Castillo scores
Batting: SHB Valentín Guzmán 0-0: Ball
1-0: Ball
2-0: Ball
3-0: Called Strike
3-1: Called Strike
3-2: Ground out 4-3 (Groundball, 4)
Top of the 7th over - 1 run, 3 hits, 0 errors, 1 left on base; Atlanta 9 - Austin 1
BOTTOM OF THE 7TH
Austin Rangers batting - Pitching for Atlanta Smoke : RHP Miguel Aguilar
Batting: SHB Xavier Vásquez 0-0: Called Strike
0-1: Ball
1-1: Called Strike
1-2: Ball
2-2: Strikes out swinging
Batting: LHB Stefan Vanderhoof 0-0: DOUBLE (Line Drive, 78D)
Batting: RHB Freddy Torres 0-0: Ball
1-0: Swinging Strike
1-1: Swinging Strike
1-2: Foul Ball, location: 2F
1-2: Foul Ball, location: 2F
1-2: Ground out 5-3 (Groundball, 56S)
Stefan Vanderhoof to third
Batting: RHB Jesús Villalba 0-0: Ball
1-0: Foul Ball, location: 2F
1-1: Ball
2-1: Fly out, F9 (Flyball, 9LSF)
Bottom of the 7th over - 0 runs, 1 hit, 0 errors, 1 left on base; Atlanta 9 - Austin 1
TOP OF THE 8TH
Atlanta Smoke batting - Pitching for Austin Rangers : RHP Katsuyoshi Takuda
Batting: RHB Gabriel Maldonado 0-0: Ball
1-0: Called Strike
1-1: SOLO HOME RUN (Flyball, 78XD), Distance : 393 ft
Batting: RHB Bobby Butterfield 0-0: Ball
1-0: Fly out, F8 (Flyball, 8RM)
Batting: SHB Melito Báez 0-0: Ball
1-0: Called Strike
1-1: Foul Ball, location: 2F
1-2: Ball
2-2: Ball
3-2: Base on Balls
Pitching: RHP Weston Fisher
Batting: RHB Casey Cavell 0-0: Ball
1-0: Called Strike
1-1: Ball
2-1: Fly out, F9 (Flyball, 8RS)
Batting: RHB Gerardo Castillo 0-0: Ball
1-0: Ball
2-0: Ball
3-0: Called Strike
3-1: Foul Ball, location: 2F
3-2: Base on Balls
Melito Báez to second
Batting: RHB Bartolo Morales 0-0: Ball
1-0: Ball
2-0: Ball
3-0: Called Strike
3-1: Base on Balls
Melito Báez to third
Gerardo Castillo to second
Batting: LHB Albert Morán 0-0: Ball
1-0: Called Strike
1-1: Swinging Strike
1-2: Ball
2-2: Ball
3-2: Base on Balls
Melito Báez scores
Gerardo Castillo to third
Bartolo Morales to second
Batting: LHB Yataro Kodo 0-0: Ball
1-0: Called Strike
1-1: Ground out 4-3 (Groundball, 4)
Top of the 8th over - 2 runs, 1 hit, 0 errors, 3 left on base; Atlanta 11 - Austin 1
BOTTOM OF THE 8TH
Austin Rangers batting - Pitching for Atlanta Smoke : RHP Miguel Aguilar
Batting: RHB Miguel Morán 0-0: Foul Ball, location: 2F
0-1: Ground out 6-3 (Groundball, 6)
Batting: SHB Ricardo Pérez 0-0: Ball
1-0: SINGLE (Groundball, 34S) (infield hit)
Batting: LHB Count Dante 0-0: Ball
1-0: Ball
2-0: Ball
3-0: Called Strike
3-1: Foul Ball, location: 2F
3-2: Strikes out looking
Batting: LHB Jesús Reyes 0-0: Ball
Wild Pitch!
Ricardo Pérez to second
1-0: Called Strike
1-1: Ground out 4-3 (Groundball, 4)
Bottom of the 8th over - 0 runs, 1 hit, 0 errors, 1 left on base; Atlanta 11 - Austin 1
TOP OF THE 9TH
Atlanta Smoke batting - Pitching for Austin Rangers : RHP Weston Fisher
Pitching: RHP Júlio Rodríguez
Batting: SHB Valentín Guzmán 0-0: Foul Ball, location: 2F
0-1: Swinging Strike
0-2: Ball
1-2: Ball
2-2: Foul Ball, location: 2F
2-2: Strikes out swinging
Batting: RHB Gabriel Maldonado 0-0: Called Strike
0-1: Ball
1-1: Foul Ball, location: 2F
1-2: Strikes out swinging
Batting: RHB Bobby Butterfield 0-0: Ball
1-0: Ball
2-0: Fly out, F5 (Popup, 56)
Top of the 9th over - 0 runs, 0 hits, 0 errors, 0 left on base; Atlanta 11 - Austin 1
BOTTOM OF THE 9TH
Austin Rangers batting - Pitching for Atlanta Smoke : RHP Miguel Aguilar
Batting: RHB Yoshihito Samurakami 0-0: Ball
1-0: Called Strike
1-1: Fly out, F7 (Flyball, 78S)
Batting: SHB Xavier Vásquez 0-0: Ball
1-0: Ball
2-0: Ball
3-0: Called Strike
3-1: Base on Balls
Batting: LHB Stefan Vanderhoof 0-0: Ball
1-0: Foul Ball, location: 2F
1-1: SINGLE (Line Drive, 89S)
Xavier Vásquez to second
Batting: RHB Freddy Torres 0-0: Called Strike
0-1: Swinging Strike
0-2: Ground out 5-3 (Groundball, 56S)
Xavier Vásquez to third
Stefan Vanderhoof to second
Pitching: RHP Domingo Velasco
Batting: RHB Jesús Villalba 0-0: Fly out, F4 (Line Drive, 4)
Bottom of the 9th over - 0 runs, 1 hit, 0 errors, 2 left on base; Atlanta 11 - Austin 1
Tuesday, December 19th, 2017 - OOTP Baseball 18.8 Build 76